 Dungeon Crawl Stone Soup version 0.29.1-15-g9cfb28693d (webtiles) character file.

Game seed: 12050351031970914489

1064 javelincjr the Ducker (level 8, -20/56 HPs)
             Began as a Djinni Conjurer on Mar 8, 2023.
             Hit by a large rock thrown by a cyclops (48 damage)
             ... on level 6 of the Dungeon.
             The game lasted 00:20:19 (6069 turns).

javelincjr the Ducker (Djinni Conjurer)             Turns: 6069, Time: 00:20:20

Health: -20/56     AC:  5    Str:  8    XL:     8   Next: 52%
Gold:   140        EV: 17    Int: 20    God:
                   SH:  4    Dex: 12

rFire   + + .      SeeInvis .   b - +2 dagger (venom)
rCold   x . .      Faith    .   F - +0 buckler
rNeg    . . .      Spirit   .   a - +0 robe
rPois   ∞          Reflect  .   j - +0 helmet
rElec   .          Harm     .   y - +0 cloak
rCorr   .          Rampage  .   z - +0 pair of gloves
Will    .....                   (boots unavailable)
Stlth   ++........              q - amulet of regeneration
HPRegen 0.98/turn               o - +4 ring of evasion
MPRegen 0.00/turn               (no ring)

@: flying
A: sickness immunity, fire resistance 2, cold vulnerability 1, float, innate
caster, HP casting, extra vitality 1
a: no special abilities


You were on level 6 of the Dungeon.
You visited 1 branch of the dungeon, and saw 6 of its levels.

You collected 212 gold pieces.
You spent 72 gold pieces at shops.

Inventory:

Hand Weapons
 b - a +2 dagger of venom (weapon)
 x - a +3 quarterstaff of chaos
Missiles
 H - 3 boomerangs of dispersal
Armour
 a - a +0 robe (worn)
 j - a +0 helmet (worn)
 y - a +0 cloak (worn)
 z - a +0 pair of gloves (worn)
 F - a +0 buckler (worn)
Magical Staves
 d - a staff of death
Jewellery
 o - a +4 ring of evasion (left hand)
 q - an amulet of regeneration (around neck)
Wands
 t - a wand of iceblast (6)
 I - a wand of digging (7)
Scrolls
 c - a scroll of noise
 e - 4 scrolls of teleportation
 f - a scroll of enchant weapon {unknown}
 g - 3 scrolls of identify {unknown}
 h - a scroll of acquirement {unknown}
 k - a scroll of fog {unknown}
 p - a scroll of immolation {unknown}
 r - a scroll of summoning {unknown}
 u - a scroll of fear {unknown}
 w - a scroll of blinking {unknown}
 A - 2 scrolls of poison {unknown}
 B - a scroll of silence {unknown}
 E - a scroll of enchant armour {unknown}
 G - a scroll of brand weapon {unknown}
Potions
 i - 3 potions of curing
 l - 2 potions of flight {unknown}
 m - 2 potions of brilliance {unknown}
 n - 3 potions of heal wounds {unknown}
 s - a potion of haste {unknown}
 v - 3 potions of might {unknown}
 C - a potion of lignification {unknown}
 D - a potion of degeneration {unknown}


   Skills:
 * Level 3.4 Fighting
 + Level 2.2 Armour
 + Level 5.2 Dodging
 + Level 4.2 Stealth
 + Level 1.5 Shields
 * Level 5.1 Spellcasting


You couldn't memorise any spells.
You knew the following spells:

 Your Spells              Type           Power      Damage    Failure   Level
a - Magic Dart            Conj           100%       1d8       1%          1
b - Searing Ray           Conj           50%        2d6       2%          2
c - Dazzling Flash        Conj/Hex       50%        N/A       5%          3
d - Fulminant Prism       Conj/Hex       12%        3d9       19%         4
e - Iskenderun's Mystic   Conj/Tloc      25%        2d7       19%         4
f - Slow                  Hex            100%       N/A       1%          1
g - Poisonous Vapours     Pois/Air       50%        N/A       2%          2
h - Mephitic Cloud        Conj/Pois/Air  25%        N/A       5%          3
Your spell library was empty.

Dungeon Overview and Level Annotations

Branches:
Dungeon (6/15)
 Temple: D:4-7

Altars:
Zin

Shops:
D:4 *


Innate Abilities, Weirdness & Mutations

You are immune to sickness and miasma.
You are immune to poison.
Your flesh is very heat resistant. (rF++)
You are vulnerable to cold. (rC-)
You float through the air rather than walking.
You learn spells naturally, not from books.
Your magical power is your life essence.
You have superior vitality. (+4 MHP)


Message History

The black bear is severely wounded.
You hear a shout!
The black bear is engulfed in noxious fumes.
The black bear appears confused.
Blork the orc is engulfed in noxious fumes.
Blork the orc appears confused.
You hear a shout!
Casting: Mephitic Cloud (dangerous; 6% risk of failure)
Confirm with . or Enter, or press ? or * to list all spells.
The spell is quite dangerous to miscast (19% risk of failure)!
Continue anyway?
You erupt in a blast of force!
The mystic blast hits Blork the orc!
Blork the orc is almost dead.
Blork the orc is knocked back by the mystic blast.
The mystic blast hits the black bear!
You kill the black bear!
Casting: Iskenderun's Mystic Blast (quite dangerous; 19% risk of failure)
Confirm with . or Enter, or press ? or * to list all spells.
Aiming: Poisonous Vapours (safe; 2% risk of failure)
Press: ? - help, Dir - move target, f - adder
Aim: an adder Poisonous vapours surround the adder!
The adder is poisoned.
The magic dart hits Blork the orc.
Blork the orc is almost dead.
A cyclops comes into view.
The magic dart hits Blork the orc but does no damage.
Blork the orc is almost dead.
Blork the orc is engulfed in noxious fumes.
Blork the orc appears confused.
Casting: Magic Dart (safe; 1% risk of failure)
Confirm with . or Enter, or press ? or * to list all spells.
The spell is quite dangerous to miscast (19% risk of failure)!
Continue anyway?
You erupt in a blast of force!
The mystic blast hits the adder!
You kill the adder!
The mystic blast hits Blork the orc.
You kill Blork the orc!
You hear a shout!
An ufetubus comes into view.
The cyclops throws a large rock.
The large rock hits you!!!
Ouch! That really hurt!
You die...

.8. 5.. #C# #.#
##.## ##...##
#.####†.°..####.
#......)........
....####@.######
. #..[# ##)....
....## ....#
.##..# ## #..#
#..


You could see a cyclops and an ufetubus.

Vanquished Creatures
  Eustachio (D:5)
  Menkaure (D:4)
  A black bear (D:6)
  An ogre (D:6)
  A centaur (D:5)
  A phantom (D:4)
  A bullfrog (D:6)
  Blork the orc (D:6)
  Crazy Yiuf (D:3)
  A hound (D:4)
  Jessica (D:2)
  An iguana (D:6)
  An orc wizard (D:4)
  Robin (D:3)
  6 gnolls (D:4)
  10 adders
  2 worms (D:2)
  3 dart slugs
  9 orcs
  8 endoplasms
  4 giant cockroaches
  11 hobgoblins
  12 jackals
  2 quokkas
  6 ball pythons
  5 bats
  5 frilled lizards
  14 goblins
  5 kobolds
  10 rats
126 creatures vanquished.

Vanquished Creatures (others)
  A fulminant prism (D:5)
  3 fungi
  A plant (D:1)
5 creatures vanquished.

Grand Total: 131 creatures vanquished

Notes
Turn   | Place    | Note
-------+----------+-------------------------------------------
     0 | D:1      | javelincjr the Djinni Conjurer began the quest for the Orb.
     0 | D:1      | javelincjr set off with the following spells memorised:
                  | Magic Dart, Searing Ray, Dazzling Flash, Fulminant Prism,
                  | Iskenderun's Mystic Blast.
     0 | D:1      | Reached XP level 1. HP: 15/15 MP: 0/0
   151 | D:1      | Reached XP level 2. HP: 17/21 MP: 0/0
   259 | D:1      | Found a faded altar of an unknown god.
   435 | D:1      | Reached XP level 3. HP: 17/25 MP: 0/0
   435 | D:1      | Learned a level 1 spell: Slow
   927 | D:2      | Noticed Jessica
   937 | D:2      | Killed Jessica
   938 | D:2      | Reached XP level 4. HP: 5/31 MP: 0/0
  2175 | D:2      | Reached XP level 5. HP: 34/35 MP: 0/0
  2175 | D:2      | Learned a level 2 spell: Poisonous Vapours
  3490 | D:3      | Noticed Robin
  3515 | D:3      | Killed Robin
  3911 | D:3      | Found a runed translucent door.
  3912 | D:3      | Noticed Crazy Yiuf
  3987 | D:3      | Reached XP level 6. HP: 36/40 MP: 0/0
  4347 | D:3      | Killed Crazy Yiuf
  4428 | D:4      | Found Noxatsov's Assorted Antiques.
  4434 | D:4      | Bought a scroll labelled TACVUE RATIFYUHA for 24 gold
                  | pieces
  4434 | D:4      | Bought a scroll labelled SIOLEA KISOB for 24 gold pieces
  4434 | D:4      | Bought a scroll labelled LOZXAY BEAKAATZ for 24 gold pieces
  4643 | D:4      | Noticed Menkaure
  4658 | D:4      | Killed Menkaure
  4659 | D:4      | Reached skill level 1 in Fighting
  4659 | D:4      | Reached skill level 1 in Armour
  4659 | D:4      | Reached XP level 7. HP: 33/47 MP: 0/0
  4659 | D:4      | Learned a level 3 spell: Mephitic Cloud
  5132 | D:4      | Found a glowing silver altar of Zin.
  5277 | D:5      | Entered Level 5 of the Dungeon
  5298 | D:5      | Identified the +1 pair of boots of Vanity {Regen+}
  5732 | D:5      | Noticed Eustachio
  5739 | D:5      | Killed Eustachio
  5740 | D:5      | Reached skill level 5 in Dodging
  5740 | D:5      | Reached skill level 1 in Shields
  5740 | D:5      | Reached XP level 8. HP: 50/55 MP: 0/0
  6055 | D:6      | Noticed Blork the orc
  6063 | D:6      | Reached skill level 5 in Spellcasting
  6067 | D:6      | Noticed a cyclops
  6069 | D:6      | Killed Blork the orc
  6069 | D:6      | Hit by a large rock thrown by a cyclops

Illustrated notes

Levels and vault maps discovered:
D:1:      wander_arrival_peaceful_grave, layout_rooms,
          shapermc_ecumenical_altar_ellora, minmay_misc_feat_tiny
D:2:      minmay_spotlight, layout_basic, uniq_jessica
D:3:      layout_loops_corners, uniq_robin, uniq_crazy_yiuf_cottage
D:4:      layout_loops_ring, zin_treasury, serial_shops, shop,
          dreamdust_gnoll_farm, uniq_menkaure
D:5:      layout_basic, serial_rivers, chequers_serial_rivers_micro_d,
          chequers_serial_rivers_micro_b, chequers_serial_rivers_micro_b,
          chequers_serial_rivers_small_a, uniq_eustachio
D:6:      cheibrodos_barr_body, layout_layer_cave, water_boxes_lemuel,
          uniq_blork_the_orc

Skill      XL: |  1  2  3  4  5  6  7  8 |
---------------+-------------------------+-----
Stealth        | 2 3 4 |  4.2
Dodging        | 3 4 5 |  5.2
Spellcasting   | 4 5 |  5.1
Fighting       | 1 2 3 |  3.4
Armour         | 1 2 |  2.2
Shields        | 1 |  1.5

Action                   |  1- 3 |  4- 6 |  7- 9 || total
-------------------------+-------+-------+-------++-------
Melee: Dagger            |     2 |    14 |    14 ||    30
 Cast: Magic Dart        |    46 |   132 |    53 ||   231
       Searing Ray       |     1 |    10 |     5 ||    16
       Slow              |     1 |     3 |       ||     4
       Poisonous Vapours |       |    20 |    15 ||    35
       Dazzling Flash    |       |     2 |       ||     2
       Mephitic Cloud    |       |       |     6 ||     6
       Fulminant Prism   |       |       |     1 ||     1
       Iskenderun's Myst |       |       |     3 ||     3
  Use: Scroll            |       |     2 |       ||     2
 Stab: Sleeping          |       |     1 |       ||     1
Armor: Robe              |     3 |     8 |     1 ||    12
Dodge: Dodged            |    10 |    37 |    16 ||    63
Block: Buckler           |       |       |     1 ||     1
